 Dungeon Crawl Stone Soup version 0.20.1-1-g8b1a95d (console) character file.

57 hilaritas the Shield-Bearer (level 4, -1/35 HPs)
             Began as a Formicid Fighter on Aug 4, 2017.
             Slain by a worm (4 damage)
             ... on level 2 of the Dungeon.
             The game lasted 00:02:32 (988 turns).

hilaritas the Shield-Bearer (Formicid Fighter)       Turns: 988, Time: 00:02:33

Health: -1/35      AC:  6    Str: 27    XL:     4   Next: 18%
Magic:  4/4        EV:  8    Int:  7    God:
Gold:   62         SH: 10    Dex: 10    Spells: 3/3 levels left

rFire    . . .     SeeInvis +   a - +0 war axe
rCold    . . .     Gourm    .   c - +0 shield
rNeg     . . .     Faith    .   b - +0 scale mail
rPois    .         Spirit   .   (helmet unavailable)
rElec    .         Reflect  .   (no cloak)
rCorr    .         Harm     .   (no gloves)
MR       .....                  (no boots)
Stlth    ..........             (no amulet)
Regen    0.2/turn               (no ring)
MPRegen  0.1/turn               (no ring)

@: mighty, very slightly contaminated, invisible
A: permanent stasis, dig shafts and tunnels, four strong arms, antennae 3
a: Dig, Shaft Self


You were on level 2 of the Dungeon.
You were not hungry.

You visited 1 branch of the dungeon, and saw 2 of its levels.

You collected 62 gold pieces.

Inventory:

Hand Weapons
 a - a +0 war axe (weapon)
 m - a +0 club
Armour
 b - a +0 scale mail (worn)
 c - a +0 shield (worn)
Scrolls
 g - a scroll of remove curse {unknown}
 h - a scroll of immolation {unknown}
 j - a scroll of fog {unknown}
 o - a scroll of recharging {unknown}
Potions
 e - a potion of resistance {unknown}
 i - a potion of curing
 l - a potion of invisibility
Comestibles
 f - a bread ration
 k - 2 royal jellies
 n - 3 chunks of flesh


   Skills:
 - Level 3.2 Fighting
 * Level 3.5 Axes
 - Level 3.2 Armour
 + Level 4.4 Shields


You had 3 spell levels left.
You didn't know any spells.

Dungeon Overview and Level Annotations

Branches:
Dungeon (2/15)

Altars:


Innate Abilities, Weirdness & Mutations

You cannot be hasted, slowed, berserked, paralysed or teleported.
You can dig through walls and to a lower floor.
Your four strong arms can wield two-handed weapons with a shield.
You have a pair of large antennae on your head. (SInv)


Message History

Natasha drinks a potion.
Natasha is healed!
The white imp gestures at you. The puff of frost misses you.
You are very lightly contaminated with residual magic.
You feel very mighty all of a sudden. You block Natasha's attack.
The white imp gestures at you. The puff of frost hits you!
* * * LOW HITPOINT WARNING * * *
You slice Natasha!!
You kill Natasha!
Natasha growls in agony!
The white imp disappears in a puff of smoke!
You have reached level 4!
You feel stronger.
You catch the helpless worm completely off-guard!
You slash the worm!
The worm is almost dead.
The worm bites you.
You die...

#...........##.##........>###
#.#...........................
#.#................####.#..###
#.###.....##..................
#.....)........###......##.#..
##.##########..##...##.## ...
#.# ##....#.# # . #.# #..!...#
#.# #@#..### #.# ......w§##.#
#.# #####)......# #.#
....?.#.... #.# #......#.....
#.# #...........## #<#
######.# ... #.# .# #.#


You could see a worm.

Vanquished Creatures
  Natasha (D:2)
  A gnoll (D:1)
  An ooze (D:1)
  A worm (D:2)
  A leopard gecko (D:2)
  4 hobgoblins
  2 kobolds (D:1)
  A ball python (D:2)
  A bat (D:1)
  A frilled lizard (D:1)
  2 rats (D:1)
16 creatures vanquished.

Notes
Turn   | Place    | Note
-------+----------+-------------------------------------------
     0 | D:1      | hilaritas the Formicid Fighter began the quest for the Orb.
     0 | D:1      | Reached XP level 1. HP: 18/18 MP: 1/1
   274 | D:1      | Reached skill level 4 in Shields
   274 | D:1      | Reached XP level 2. HP: 11/24 MP: 2/2
   785 | D:1      | Reached XP level 3. HP: 29/29 MP: 3/3
   979 | D:2      | Noticed Natasha
   987 | D:2      | Killed Natasha
   987 | D:2      | Reached XP level 4. HP: 3/35 MP: 4/4
   988 | D:2      | Slain by a worm

Skill      XL: |  1  2  3 |
---------------+----------+-----
Shields        | 4 |  4.4
Axes           | 3 |  3.5
Fighting       | |  3.2
Armour         | |  3.2

Action                   |  1- 3 |  4- 6 || total
-------------------------+-------+-------++-------
Melee: War axe           |    42 |     1 ||    43
  Use: Potion            |     2 |       ||     2
 Stab: Invisible         |       |     1 ||     1
Armor: Scale mail        |     5 |       ||     5
Dodge: Dodged            |    10 |       ||    10
Block: Shield            |    22 |       ||    22
